 Dungeon Crawl Stone Soup version 0.21-a0-417-g0adc95b (webtiles) character file.

83 slep the Bolt Thrower (level 4, 0/37 HPs)
             Began as a Minotaur Hunter on Nov 4, 2017.
             Slain by a hungry ghost (1 damage)
             ... on level 3 of the Dungeon.
             The game lasted 00:09:43 (1439 turns).

slep the Bolt Thrower (Minotaur Hunter)             Turns: 1439, Time: 00:09:44

Health: 0/37       AC:  4    Str: 17    XL:     4   Next: 22%
Magic:  3/3        EV: 12    Int:  8    God:
Gold:   146        SH:  0    Dex: 11    Spells: 3/3 levels left

rFire    . . .     SeeInvis .   b - +0 short sword
rCold    . . .     Gourm    .   (no shield)
rNeg     . . .     Faith    .   c - +0 leather armour
rPois    .         Spirit   .   (helmet restricted)
rElec    .         Reflect  .   o - +0 cloak
rCorr    .         Harm     .   (no gloves)
MR       .....                  (no boots)
Stlth    +.........             (no amulet)
HPRegen  0.12/turn              (no ring)
MPRegen  0.08/turn              (no ring)

@: fainting
A: retaliatory headbutt, horns 2
a: no special abilities


You were on level 3 of the Dungeon.
You were fainting.

You visited 1 branch of the dungeon, and saw 3 of its levels.

You collected 146 gold pieces.

Inventory:

Hand Weapons
 a - a +1 hand crossbow
 b - a +0 short sword (weapon)
Missiles
 d - 44 bolts
Armour
 c - a +0 leather armour (worn)
 o - a +0 cloak (worn)
Scrolls
 e - a scroll of remove curse {unknown}
 g - 3 scrolls of identify {unknown}
 i - a scroll of immolation {unknown}
 k - a scroll of enchant weapon {unknown}
 l - a scroll of fog {unknown}
Potions
 h - a potion of lignification {unknown}
 m - 2 potions of heal wounds {unknown}
 p - a potion of cancellation {unknown}
 q - a potion of flight {unknown}
Comestibles
 f - a bread ration
 j - 2 meat rations
 n - 3 royal jellies
 r - 2 chunks of flesh


   Skills:
 + Level 2.5 Fighting
 + Level 0.4 Short Blades
 + Level 5.6 Crossbows
 + Level 2.1 Armour
 + Level 2.3 Dodging
 + Level 1.0 Stealth


You had 3 spell levels left.
You didn't know any spells.

Dungeon Overview and Level Annotations

Branches:
Dungeon (3/15)

Altars:
Gozag
Kikubaaqudgha
Yredelemnul

Annotations:
D:2 2 transporters, Menkaure


Innate Abilities, Weirdness & Mutations

You reflexively headbutt those who attack you in melee.
You have a pair of horns on your head.


Message History

The orc hits you with a flail.
* * * LOW HITPOINT WARNING * * *
The hungry ghost hits you.
You are fainting from starvation!
You closely miss the hungry ghost.
The hungry ghost is heavily damaged.
You hear the slow rusting of a very distant drain.
The orc misses you. The hungry ghost hits you.
* * * LOW HITPOINT WARNING * * *
You feel slightly more hungry.
You completely miss the hungry ghost.
The hungry ghost is heavily damaged.
The orc hits you with a flail.
* * * LOW HITPOINT WARNING * * *
The hungry ghost closely misses you. You furiously retaliate!
You headbutt the hungry ghost, but do no damage.
You hit the hungry ghost.
The hungry ghost is severely damaged.
The hungry ghost hits you.
You die...

#.#..##.# # #.#.###.#
# #..###+###.......#
#............#.....#
##.######..####.###.#
.##...#####.#####.#
#.#
.......รท..........#
#.#
###...#o#########.#
#.# ##. #@# #.# #.# #
#W# #.# .# ##.##
#.#.%.##.# #...>....#
###...#.....w
##.##.##### #.# # #.#


You could see a hungry ghost and an orc.

Vanquished Creatures
  4 adders
  A dart slug (D:3)
  2 leopard geckos
  A giant cockroach (D:1)
  6 goblins
  9 hobgoblins
  4 bats
  4 frilled lizards
  6 kobolds
  6 rats
43 creatures vanquished.

Notes
Turn   | Place    | Note
-------+----------+-------------------------------------------
     0 | D:1      | slep the Minotaur Hunter began the quest for the Orb.
     0 | D:1      | Reached XP level 1. HP: 18/18 MP: 0/0
   272 | D:1      | Reached XP level 2. HP: 25/25 MP: 1/1
   311 | D:1      | Reached skill level 5 in Crossbows
   403 | D:1      | Reached skill level 1 in Stealth
   768 | D:2      | Reached XP level 3. HP: 22/30 MP: 2/2
   795 | D:2      | Found a transporter.
   804 | D:2      | Reached skill level 1 in Armour
   884 | D:2      | Found a basalt altar of Yredelemnul.
  1094 | D:2      | Found an opulent altar of Gozag.
  1183 | D:2      | Found a transporter.
  1183 | D:2      | Found an ancient bone altar of Kikubaaqudgha.
  1187 | D:2      | Noticed Menkaure
  1314 | D:3      | Reached XP level 4. HP: 26/37 MP: 3/3
  1416 | D:3      | Noticed a hungry ghost
  1438 | D:3      | HP: 1/37 [orc/flail (3)]
  1439 | D:3      | Slain by a hungry ghost

Vault maps used:
D:1:      dpeg_arrival_water_temple_mockup
D:2:      gammafunk_temple_of_torment, minmay_misc_feat_pillars,
          grunt_gozag_statues
D:3:      lemuel_round_altar, lemuel_doored_altar, gup_sewer_entry_pipe,
          first_bread

Skill      XL: |  1  2  3  4 |
---------------+-------------+-----
Crossbows      | 5 |  5.6
Stealth        | 1 |  1.0
Armour         | 1 2 |  2.1
Fighting       | |  2.5
Short Blades   | |  0.4
Dodging        | |  2.3

Action                   |  1- 3 |  4- 6 || total
-------------------------+-------+-------++-------
Melee: Short sword       |    56 |    24 ||    80
       Headbutt          |     7 |     2 ||     9
 Fire: Hand crossbow     |    43 |       ||    43
 Stab: Sleeping          |     1 |       ||     1
  Eat: Chunk             |       |     2 ||     2
Armor: Leather armour    |    18 |     7 ||    25
Dodge: Dodged            |    43 |    18 ||    61

Table legend:
 A = Spawn XP
 B = Non-spawn XP
 C = Spawn XP percentage of total XP
 D = Spawn monster count
 E = Non-spawn monster count
 F = Spawn count percentage of total count
 G = Total turns spent on level
                    A         B        C        D         E        F      G
               +---------+---------+-------+---------+---------+-------+---------
         Total |       0 |     119 |   0.0 |       0 |      43 |   0.0 |  1439
               +---------+---------+-------+---------+---------+-------+---------
           D:1 |       0 |      32 |   0.0 |       0 |      20 |   0.0 |   722
           D:2 |       0 |      61 |   0.0 |       0 |      16 |   0.0 |   567
           D:3 |       0 |      26 |   0.0 |       0 |       7 |   0.0 |   150
               +---------+---------+-------+---------+---------+-------+---------
